 Dungeon Crawl Stone Soup version 0.27-a0-1438-g9b7c6745da (webtiles) character file.

Game seed: 1720068934944145956

72 Delamore the Skirmisher (level 4, -2/37 HPs)
             Began as a Formicid Fighter on July 4, 2021.
             Slain by an ogre (15 damage)
             ... on level 2 of the Dungeon.
             The game lasted 00:01:46 (2351 turns).

Delamore the Skirmisher (Formicid Fighter)          Turns: 2351, Time: 00:01:46

Health: -2/37      AC:  6    Str: 21    XL:     4   Next: 50%
Magic:  4/4        EV:  8    Int:  8    God:
Gold:   99         SH: 10    Dex: 10    Spells: 3/3 levels left

rFire    . . .     SeeInvis +   a - +1 quarterstaff
rCold    . . .     Faith    .   c - +1 kite shield
rNeg     . . .     Spirit   .   b - +0 scale mail
rPois    .         Reflect  .   (helmet unavailable)
rElec    .         Harm     .   (no cloak)
rCorr    .         Rampage  .   (no gloves)
Will     .....                  (no boots)
Stlth    ..........             (no amulet)
HPRegen  0.12/turn              (no ring)
MPRegen  0.09/turn              (no ring)

@: no status effects
A: permanent stasis, dig shafts and tunnels, antennae 3, four strong arms
a: Dig, Shaft Self


You were on level 2 of the Dungeon.
You visited 1 branch of the dungeon, and saw 3 of its levels.

You collected 99 gold pieces.

Inventory:

Hand Weapons
 a - a +1 quarterstaff (weapon)
Armour
 b - a +0 scale mail (worn)
 c - a +1 kite shield (worn)
Scrolls
 d - a scroll of magic mapping
Potions
 g - 2 potions of haste
 h - a potion of attraction {unknown}
 j - 2 potions of curing


   Skills:
 + Level 4.1 Fighting
 * Level 3.7 Staves
 - Level 3.2 Armour
 - Level 3.6 Shields


You had 3 spell levels left.
You didn't know any spells.
Your spell library contained the following spells:

 Spells                   Type           Power      Damage    Failure   Level
 Foxfire                  Conj/Fire      0%         2x1d4     98%         1
 Conjure Flame            Conj/Fire      0%         6-21      100%        3
 Dazzling Flash           Conj/Hex       0%         N/A       100%        3
 Inner Flame              Hex/Fire       0%         N/A       100%        3
 Iskenderun's Mystic Bla  Conj/Tloc      0%         2d3       100%        4
 Summon Forest            Summ/Tloc      0%         N/A       100%        5
 Summon Mana Viper        Hex/Summ       0%         N/A       100%        5
 Shadow Creatures         Summ           N/A        N/A       100%        6
 Starburst                Conj/Fire      0%         8x6d3     100%        6


Dungeon Overview and Level Annotations

Branches:
Dungeon (3/15)

Altars:
Kikubaaqudgha


Innate Abilities, Weirdness & Mutations

You cannot be hasted, slowed, berserked, paralysed or teleported.
You can dig through walls and to a lower floor.
You have a pair of large antennae on your head. (SInv)
Your four strong arms can wield two-handed weapons with a shield.


Message History

A jackal is nearby!
You sock the jackal!
You kill the jackal!
There is a stone staircase leading down here.
Key pressed, stopping explore.
You now have 99 gold pieces (gained 13).
There is a stone staircase leading down here.
Done exploring.
Done exploring.
Done exploring.
As you read the scroll labelled USESCH YFEHU, it crumbles to dust.
It is a scroll of enchant weapon.
Your +0 quarterstaff glows red for a moment.
As you read the scroll labelled TOIKLA XAEVURPH, it crumbles to dust.
It is a scroll of enchant armour.
Your +0 kite shield glows green for a moment.
As you read the scroll of identify, it crumbles to dust.
j - 2 potions of curing
There is a stone staircase leading down here.
You climb downwards.
An endoplasm and an ogre come into view.
The endoplasm quivers.
The ogre shouts!
You hear an angry hiss.
Found 11 gold pieces.
There is a stone staircase leading up here.
There are monsters nearby!
You aren't carrying any pieces of jewellery.
Unknown command.
A hobgoblin comes into view.
The hobgoblin shouts!
You block the endoplasm's attack.
You hit the endoplasm.
You kill the endoplasm!
The ogre hits you with a +0 giant club!
There is a stone staircase leading up here.
The ogre hits you with a +0 giant club!
You climb upwards.
There is a stone staircase leading down here.
The ogre hits you with a +0 giant club!
You die...

##### #...# #.#.# #.#.#
#.#.###### #.#......####
#.#.........#
#.#.........##########
#>..O@................
#...........รท.........
###.#.#######.###[####
#######.#.[.....#.# #.#
#.........#####.#.# #.#
#.................###.####
#...........###....##.....
#.._........# ####.#######
#...^.......# #.# #


You could see an ogre.

Vanquished Creatures
  A gnoll (D:1)
  2 adders
  A dart slug (D:2)
  8 endoplasms
  2 giant cockroaches
  3 hobgoblins (D:2)
  2 jackals (D:2)
  2 quokkas
  A ball python (D:2)
  3 bats
  3 frilled lizards (D:2)
  4 goblins
  4 kobolds
  5 rats
41 creatures vanquished.

Notes
Turn   | Place    | Note
-------+----------+-------------------------------------------
     0 | D:1      | Delamore the Formicid Fighter began the quest for the Orb.
     0 | D:1      | Reached XP level 1. HP: 18/18 MP: 1/1
   244 | D:1      | Reached XP level 2. HP: 24/24 MP: 2/2
   650 | D:1      | Reached XP level 3. HP: 30/30 MP: 3/3
   811 | D:2      | HP: 1/30 [adder (2)]
   823 | D:2      | HP: 1/30 [adder (1)]
  1201 | D:2      | Reached XP level 4. HP: 19/37 MP: 4/4
  1453 | D:2      | Reached skill level 4 in Fighting
  2000 | D:2      | Found an ancient bone altar of Kikubaaqudgha.
  2342 | D:3      | Noticed an ogre
  2351 | D:2      | Slain by an ogre

Illustrated notes

Levels and vault maps discovered:
D:1:      amcnicky_arrival_abandoned_market, layout_loops_ring, nrook_uturn
D:2:      minmay_alternating_diamond, layout_basic, basic_altar
D:3:      layout_basic, basic_ecumenical_altar, moated_statue, minmay_vboxes

Skill      XL: |  1  2  3  4 |
---------------+-------------+-----
Staves         | 3 |  3.7
Fighting       | 4 |  4.1
Armour         | |  3.2
Shields        | |  3.6

Action                   |  1- 3 |  4- 6 || total
-------------------------+-------+-------++-------
Melee: Quarterstaff      |    89 |    56 ||   145
  Use: Scroll            |     2 |     3 ||     5
       Potion            |     1 |       ||     1
Armor: Scale mail        |    48 |    23 ||    71
Dodge: Dodged            |    41 |    20 ||    61
Block: Kite shield       |    52 |    27 ||    79

Table legend: (Time is in decaauts)
 A = Elapsed time spent in this place.
 B = Non-inter-level travel time spent in this place.
 C = Inter-level travel time spent in this place.
 D = Time resting spent in this place.
 E = Time spent auto-exploring this place.
 F = Levels seen in this place.
 G = Mean time per level.
                   A        B        C        D        E       F      G
               +--------+--------+--------+--------+--------+-----+--------+
         Total |   2399 |   2393 |      6 |    521 |   1528 |   3 |  799.7 |
       Dungeon |   2399 |   2393 |      6 |    521 |   1528 |   3 |  799.7 |
               +--------+--------+--------+--------+--------+-----+--------+

Top non-repeatable levels by time:
     D:2: 1360 daAuts
     D:1: 1034 daAuts
     D:3: 5 daAuts
